 Dungeon Crawl Stone Soup version 0.18.1-6-gd335043 (webtiles) character file.

1096 Jerry the Covered (level 7, -6/56 HPs)
             Began as a Demigod Fighter on May 17, 2016.
             Splashed by a jelly's acid (7 damage)
             ... on level 5 of the Dungeon.
             The game lasted 00:15:58 (5129 turns).

Jerry the Covered (Demigod Fighter)                 Turns: 5129, Time: 00:16:06

Health: -6/56      AC: -1    Str: 23    XL:     7   Next: 84%
Magic:  9/9        EV:  9    Int: 12    God:
Gold:   152        SH:  0    Dex: 15    Spells: 0 memorised, 6 levels left

rFire  . . .     SeeInvis .     r - +0 whip (flame)
rCold  . . .     Gourm    .     b - +1 scale mail
rNeg   + . .     Faith    .     (no shield)
rPois  .         Spirit   .     q - +2 helmet
rElec  .         Dismiss  .     (no cloak)
rCorr  .         Reflect  .     u - +0 pair of gloves
SustAt +         Harm     .     o - +0 pair of boots (curse)
MR     .....                    (no amulet)
Stlth  ..........               (no ring)
                                t - ring of positive energy

@: corroded, not resistant to hostile enchantments, extremely unstealthy
A: high mp 1, sustain attributes
a: no special abilities


You were on level 5 of the Dungeon.
You were not hungry.

You visited 1 branch of the dungeon, and saw 5 of its levels.

You collected 152 gold pieces.

Inventory:

Hand Weapons
 a - a +1 flail
 i - a +0 mace
 r - a +0 whip of flaming (weapon)
Missiles
 p - 2 tomahawks (quivered)
Armour
 b - a +1 scale mail (worn)
 c - a +0 shield
 o - a cursed +0 pair of boots (worn)
 q - a +2 helmet (worn)
 u - a +0 pair of gloves (worn)
Jewellery
 l - an uncursed amulet of guardian spirit
 t - a ring of positive energy (left hand)
Scrolls
 d - 2 scrolls of random uselessness {unknown}
 k - a scroll of fear {unknown}
 s - a scroll of teleportation
 w - a scroll of identify
 x - 3 scrolls of remove curse
Potions
 e - a potion of heal wounds
 g - a potion of curing
 n - a potion of flight {unknown}
 v - a potion of cancellation {unknown}
Comestibles
 f - 3 bread rations
 j - 11 fruits
 m - 2 meat rations


   Skills:
 - Level 2.6 Fighting
 + Level 6.3 Maces & Flails
 + Level 6.8 Armour
 - Level 2.6 Shields


You had 6 spell levels left.
You didn't know any spells.

Dungeon Overview and Level Annotations

Branches:
Dungeon (5/15)             Temple (0/1) D:4


Innate Abilities, Weirdness & Mutations

You have an increased reservoir of magic (+10% MP).
Your attributes are resistant to harm.


Message History

You hit the jelly. You burn the jelly.
Your hands burn!
The jelly is severely wounded.
The quokka skeleton moves out of view.
The jelly barely misses you.
You hit the jelly but do no damage. The acid corrodes you!
Your hands burn!
The jelly is severely wounded.
The jelly hits you.
You are splashed with acid!
The acid corrodes you!
The acid burns!
* * * LOW HITPOINT WARNING * * *
You completely miss the jelly.
The jelly is severely wounded.
You completely miss the jelly.
The jelly is severely wounded.
The jelly hits you but does no damage.
You hit the jelly but do no damage. The acid corrodes you!
Your hands burn!
* * * LOW HITPOINT WARNING * * *
The jelly is severely wounded.
The jelly hits you.
* * * LOW HITPOINT WARNING * * *
You are splashed with acid!
The acid burns!
You die...

#.# #######.# .......#
#.....# #.....#
#.....# . #....[# ...
#...[.##.....
#?.<@J.......
#.....#######
#..........
.........###.###
............#....
#......#.#.......##
.......#.#........
.......#.#.......#####
#.....(..J).#


You could see a jelly.

Vanquished Creatures
  Pikel (D:5)
  Duvessa (D:5)
  4 slaves
  An ogre (D:4)
  Dowan (D:5)
  A scorpion (D:4)
  2 hounds (D:4)
  An orc priest (D:3)
  An iguana (D:4)
  3 worker ants (D:4)
  A hound skeleton (D:4)
  3 gnolls (D:4)
  4 adders
  An ooze (D:2)
  3 worms
  2 dart slugs (D:2)
  2 giant geckos
  7 orcs
  10 bats
  6 giant cockroaches
  5 goblins
  3 hobgoblins
  2 quokkas (D:4)
  4 ball pythons
  3 giant newts
  A jackal skeleton (D:4)
  5 kobolds
  A quokka skeleton (D:4)
  8 rats
87 creatures vanquished.

Notes
Turn   | Place    | Note
--------------------------------------------------------------
     0 | D:1      | Jerry the Demigod Fighter began the quest for the Orb.
     0 | D:1      | Reached XP level 1. HP: 18/18 MP: 3/3
   136 | D:1      | Reached XP level 2. HP: 17/25 MP: 4/4
   842 | D:2      | Reached XP level 3. HP: 15/30 MP: 3/5
  1741 | D:2      | Found a burning altar of Makhleb.
  1741 | D:2      | Noticed an Executioner
  2329 | D:3      | Reached XP level 4. HP: 37/37 MP: 6/6
  2832 | D:3      | Found an opulent altar of Gozag.
  2980 | D:4      | Noticed an ogre
  2987 | D:4      | Killed an ogre
  2987 | D:4      | Reached XP level 5. HP: 35/42 MP: 7/7
  3330 | D:4      | Reached skill level 5 in Armour
  3330 | D:4      | Reached XP level 6. HP: 43/50 MP: 8/8
  3654 | D:4      | Found a staircase to the Ecumenical Temple.
  4198 | D:5      | Entered Level 5 of the Dungeon
  4198 | D:5      | Noticed Duvessa
  4198 | D:5      | Noticed Dowan
  4307 | D:5      | Noticed Pikel
  4342 | D:5      | Killed Duvessa
  4342 | D:5      | Reached skill level 5 in Maces & Flails
  4839 | D:5      | Killed Pikel
  4839 | D:5      | Reached XP level 7. HP: 27/56 MP: 9/9
  4850 | D:5      | Killed Dowan
  5129 | D:5      | HP: 1/56 [jelly (3)]
  5129 | D:5      | Splashed by a jelly's acid

Skill      XL: |  1  2  3  4  5  6 |
---------------+-------------------+-----
Maces & Flails | 2 3 4 6 |  6.3
Armour         | 3 4 5 6 |  6.8
Fighting       | |  2.6
Shields        | |  2.6

Action                   |  1- 3 |  4- 6 |  7- 9 || total
-------------------------+-------+-------+-------++-------
Melee: Mace              |   177 |    93 |       ||   270
       Flail             |    10 |   156 |     9 ||   175
       Whip              |       |       |    12 ||    12
Throw: Tomahawk          |       |     4 |       ||     4
  Use: Scroll            |     6 |     5 |       ||    11
       Potion            |       |     2 |       ||     2
 Stab: Invisible         |       |     6 |     3 ||     9
  Eat: Chunk             |     5 |     7 |     1 ||    13
       Fruit             |       |     1 |       ||     1
Armor: Scale mail        |   103 |   149 |     9 ||   261
Dodge: Dodged            |   107 |   129 |    10 ||   246
